 Dungeon Crawl Stone Soup version 0.31-a0-237-g2d982f9f85 (webtiles) character file.

Game seed: 5783889641208527281

53 qw the Shooter (level 3, -3/22 HPs)
             Began as a Gargoyle Hexslinger on July 10, 2023.
             Slain by Natasha (5 damage)
             ... on level 2 of the Dungeon.
             The game lasted 00:00:21 (1115 turns).

qw the Shooter (Gargoyle Hexslinger)                Turns: 1115, Time: 00:00:22

Health: -3/22      AC: 10    Str: 11    XL:     3   Next: 87%
Magic:  4/4        EV: 11    Int: 13    God:
Gold:   91         SH:  0    Dex: 14    Spells: 3/4 levels left

rFire   . . .        Y - +1 sling (freeze)
rCold   . . .        (no shield)
rNeg    + . .        n - +0 leather armour
rPois   inf          e - +0 helmet
rElec   +            (no cloak)
rCorr   .            i - +2 pair of gloves
SInv    .            (no boots)
Will    .....        (no amulet)
Stlth   +            (no ring)
HPRegen 0.23/turn    (no ring)
MPRegen 0.09/turn

%: no passive effects
@: no status effects
A: sickness immunity, AC +3, negative energy resistance 1, electricity
resistance, torment resistance 1, petrification resistance
a: no special abilities


You were on level 2 of the Dungeon.
You visited 1 branch of the dungeon, and saw 2 of its levels.

You collected 91 gold pieces.


Innate Abilities, Weirdness & Mutations

You are immune to sickness and miasma.
Your stone body is resilient. (AC +3)
You are immune to poison.
You resist negative energy. (rN+)
You are resistant to electric shocks. (rElec)
You are resistant to unholy torment.
You are immune to petrification.


   Skills:
 - Level 2.7 Fighting
 + Level 3.3 Ranged Weapons
 - Level 1.5 Dodging
 - Level 1.0 Spellcasting
 - Level 2.6 Hexes


You had 3 spell levels left.
You knew the following spells:

 Your Spells              Type           Power      Damage    Failure   Level
a - Slow                  Hex            28%        N/A       12%         1

Your spell library contained the following spells:

 Spells                   Type           Power      Damage    Failure   Level
 Inner Flame              Hex/Fire       4%         N/A       54%         3
 Portal Projectile        Hex/Tloc       8%         N/A       54%         3
 Cause Fear               Hex            3%         N/A       77%         4

Inventory:

Hand Weapons
 Y - a +1 sling of freezing (weapon)
Armour
 b - a +0 troll leather armour
 e - a +0 helmet (worn)
 i - a +2 pair of gloves (worn)
 n - a +0 leather armour (worn)
Scrolls
 a - a scroll of summoning {unknown}
 c - a scroll of vulnerability {unknown}
 l - a scroll of identify
Potions
 j - a potion of curing

Dungeon Overview and Level Annotations

Branches:
Dungeon (2/15)

Altars:
Gozag

Annotations:
D:2 Natasha


Message History

Enter note: Natasha, Servant of Life and Death comes into view.
Enter note:
Enter note: You shoot a sling bullet.
The sling bullet hits Natasha but does no damage.
Natasha mumbles some strange words.
You shoot a sling bullet.
The sling bullet completely misses the cerulean imp.
The sling bullet hits Natasha.
The sling bullet freezes Natasha.
Natasha is lightly wounded.
You shoot a sling bullet.
The sling bullet closely misses the cerulean imp.
The cerulean imp hits you from afar with a +0 spear.
You shoot a sling bullet.
The sling bullet barely misses the cerulean imp.
The sling bullet barely misses Natasha.
The cerulean imp hits you but does no damage.
You shoot a sling bullet. The sling bullet hits the cerulean imp.
The sling bullet freezes the cerulean imp.
The cerulean imp is heavily wounded.
The cerulean imp closely misses you.
You shoot a sling bullet.
The sling bullet closely misses Natasha.
The cerulean imp closely misses you. Natasha claws you.
The cerulean imp hits you from afar with a +0 spear.
You shoot a sling bullet.
The sling bullet closely misses Natasha.
Natasha barely misses you.
The cerulean imp hits you but does no damage.
Natasha claws you!
You shoot a sling bullet. The sling bullet barely misses Natasha.
The cerulean imp barely misses you.
Natasha stares at you and mumbles some strange words.
The magic dart hits you.
You shoot a sling bullet. The sling bullet hits Natasha.
The sling bullet freezes Natasha.
Natasha is moderately wounded.
The cerulean imp barely misses you. Natasha claws you.
You die...

........#
........#
#.......#
#.......#
#.......#
#..).5..#
#.......#
#.....h@#
#.......#
#.......#######
###(####......#
#.####.####.#
#......# #.#
######## #.#
#.###### ####
#......#


You could see Natasha and a cerulean imp (summoned).

Vanquished Creatures
  Natasha (D:2)
  An adder (D:2)
  2 bats (D:1)
  3 giant cockroaches
  3 goblins (D:1)
  3 hobgoblins
  A quokka (D:1)
  A frilled lizard (D:1)
  3 kobolds (D:1)
  2 rats (D:1)
20 creatures vanquished.

Notes
Turn   | Place    | Note
-------+----------+-------------------------------------------
     0 | D:1      | qw the Gargoyle Hexslinger began the quest for the Orb.
     0 | D:1      | Reached XP level 1. HP: 12/12 MP: 2/2
     0 | D:1      | 0 ||| qw: Version: 0.3-a-52-g30416fa
     0 | D:1      | 0 ||| qw: Game counter: 5276
     0 | D:1      | 0 ||| qw: Melee chars always use a shield: true
     0 | D:1      | 0 ||| qw: God list: Okawaru
     0 | D:1      | 0 ||| qw: Allow faded altars: false
     0 | D:1      | 0 ||| qw: Do Orc after clearing Dungeon:15 true
     0 | D:1      | 0 ||| qw: Do second Lair branch before Depths: true
     0 | D:1      | 0 ||| qw: Lair rune preference: random
     0 | D:1      | 0 ||| qw: Goals: Normal
     0 | D:1      | 0 ||| PLANNING D:1-11
   142 | D:1      | Found a faded altar of an unknown god.
   173 | D:1      | Reached XP level 2. HP: 16/16 MP: 3/3
   260 | D:1      | Reached skill level 3 in Ranged Weapons
   578 | D:1      | 578 ||| UPGRADING to +0 pair of gloves.
   583 | D:1      | 583 ||| UPGRADING to +0 helmet.
   588 | D:1      | 588 ||| UPGRADING to +2 pair of gloves.
   598 | D:1      | 598 ||| DROPPING +0 pair of gloves.
   599 | D:1      | 599 ||| UPGRADING to +0 leather armour.
   609 | D:1      | 609 ||| DROPPING +0 robe.
   610 | D:1      | 610 ||| READING scroll labelled GUORIRPHUTU.
   611 | D:1      | 611 ||| READING scroll labelled MEZXAP RUNK.
   612 | D:1      | 612 ||| READING scroll labelled ASEYTI OMURPH.
   613 | D:1      | 613 ||| READING scroll labelled WACUUL SUINEBLUY.
   614 | D:1      | 614 ||| READING 4 scrolls labelled KOEZOU ADDA.
   615 | D:1      | 615 ||| READING scroll labelled PEYJA ECUX.
   616 | D:1      | 616 ||| READING 3 scrolls of identify.
   616 | D:1      | 616 ||| IDENTIFYING blue potion
   617 | D:1      | 617 ||| READING 2 scrolls of identify.
   617 | D:1      | 617 ||| IDENTIFYING glowing grey potion
   618 | D:1      | 618 ||| DROPPING scroll of poison.
   619 | D:1      | 619 ||| DROPPING potion of berserk rage.
   683 | D:2      | Found an opulent altar of Gozag.
   683 | D:2      | Noticed Natasha
   692 | D:2      | Killed Natasha
   693 | D:2      | Reached XP level 3. HP: 15/22 MP: 4/4
  1106 | D:2      | Noticed Natasha
  1114 | D:2      | HP: 1/22 [Natasha/magic dart (6)]
  1115 | D:2      | Slain by Natasha

Levels and vault maps discovered:
D:1:      heliophobic_arrival_ceremonial_halls, layout_basic,
          ebering_ecumenical_altar_abandoned
D:2:      layout_basic, basic_altar, uniq_natasha

Skill      XL: |  1  2 |
---------------+-------+-----
Ranged Weapons | 3 |  3.3
Fighting       | 2 |  2.7
Dodging        | |  1.5
Spellcasting   | |  1.0
Hexes          | |  2.6

Action                     || total
---------------------------++-------
   Fire: Sling             ||    62
    Use: Scroll            ||     8
 Armour: Leather armour    ||     9
         Robe              ||     4
  Dodge: Dodged            ||    20

Table legend:
 A = Non-vault XP
 B = Vault XP
 C = Vault XP percentage of total XP
 D = Non-vault monster count
 E = Vault monster count
 F = Vault count percentage of total count
                 A         B        C        D         E       F
            +---------+---------+-------+---------+---------+-------
      Total |      43 |      33 |  43.4 |      19 |       1 |   5.0
            +---------+---------+-------+---------+---------+-------
        D:1 |      26 |       0 |   0.0 |      16 |       0 |   0.0
        D:2 |      17 |      33 |  66.0 |       3 |       1 |  25.0
            +---------+---------+-------+---------+---------+-------
